 Dungeon Crawl Stone Soup version 0.29-a0-613-gf2c431b9b9 (webtiles) character file.

Game seed: 7157920349383971906

4599 HoaS the Quickloader (level 10, -6/65 HPs)
             Began as a Gargoyle Hunter on June 16, 2022.
             Mangled by Harold
             ... wielding a +5 war axe of flaming
              (9 damage)
             ... on level 9 of the Dungeon.
             The game lasted 00:17:55 (6848 turns).

HoaS the Quickloader (Gargoyle Hunter)              Turns: 6848, Time: 00:17:56

Health: -6/65      AC: 15    Str: 14    XL:     10   Next: 41%
Magic:  10/10      EV: 18    Int: 11    God:
Gold:   706        SH:  0    Dex: 17    Spells: 9/9 levels left

rFire   . . .      SeeInvis .   a - +2 hand crossbow (flame)
rCold   . . .      Faith    .   (no shield)
rNeg    + + .      Spirit   .   q - +0 ring mail
rPois   ∞          Reflect  .   (no helmet)
rElec   +          Harm     .   w - scarf {+Inv}
rCorr   .          Rampage  .   u - +1 pair of gloves
Will    .....                   (no boots)
Stlth   +.........              h - amulet of regeneration
HPRegen 1.00/turn               f - ring of positive energy
MPRegen 0.12/turn               l - +4 ring of evasion

@: marked
A: sickness immunity, AC +7, negative energy resistance 1, electricity
resistance, torment resistance 1, petrification resistance
a: Evoke Invisibility


You were on level 9 of the Dungeon.
You visited 2 branches of the dungeon, and saw 10 of its levels.
You also visited: Ossuary.

You collected 706 gold pieces.

Inventory:

Hand Weapons
 a - a +2 hand crossbow of flaming (weapon)
Armour
 o - a +0 chain mail
 q - a +0 ring mail (worn)
 u - a +1 pair of gloves (worn)
 w - a scarf of invisibility (worn)
Jewellery
 d - a ring of flight
 e - a +6 ring of intelligence
 f - a ring of positive energy (left hand)
 h - an amulet of regeneration (around neck)
 l - a +4 ring of evasion (right hand)
 s - a ring of ice
Wands
 p - a wand of paralysis (16)
 v - a wand of flame (19)
 A - a wand of iceblast (1)
 F - a wand of mindburst (20)
Scrolls
 b - 4 scrolls of teleportation
 c - 2 scrolls of immolation
 g - 5 scrolls of fog
 k - a scroll of brand weapon
 E - a scroll of blinking
Potions
 i - 3 potions of attraction
 j - a potion of invisibility {unknown}
 m - a potion of lignification {unknown}
 n - a potion of magic {unknown}
 r - 2 potions of brilliance {unknown}
 t - 6 potions of curing
 x - 2 potions of mutation
 z - a potion of berserk rage {unknown}
 B - 4 potions of flight {unknown}
 D - a potion of ambrosia {unknown}


   Skills:
 * Level 8.8 Fighting
 - Level 10.0 Crossbows
 - Level 5.0 Armour
 * Level 6.6 Dodging
 - Level 1.1 Stealth


You had 9 spell levels left.
You didn't know any spells.
Your spell library contained the following spells:

 Spells                   Type           Power      Damage    Failure   Level
 Foxfire                  Conj/Fire      0%         2x1d4     56%         1
 Slow                     Hex            0%         N/A       56%         1
 Sting                    Tmut/Pois      0%         1d3       56%         1
 Poisonous Vapours        Pois/Air       0%         N/A       71%         2
 Confusing Touch          Hex            0%         N/A       90%         3
 Conjure Flame            Conj/Fire      0%         6-21      90%         3
 Ignite Poison            Fire/Tmut/Pois 0%         N/A       90%         3
 Inner Flame              Hex/Fire       0%         N/A       90%         3
 Stone Arrow              Conj/Erth      0%         3d7       90%         3
 Vampiric Draining        Necr           0%         2d6       90%         3
 Animate Armour           Summ/Erth      0%         N/A       100%        4
 Animate Dead             Necr           0%         N/A       100%        4
 Flame Wave               Conj/Fire      0%         2d4       100%        4
 Olgreb's Toxic Radiance  Pois           0%         N/A       100%        4
 Sticky Flame             Conj/Fire      0%         2d3       100%        4
 Yara's Violent Unravell  Hex/Tmut       0%         3d3       100%        5
 Enfeeble                 Hex            0%         N/A       100%        7
 Haunt                    Necr/Summ      0%         N/A       100%        7
 Infestation              Necr           0%         N/A       100%        8
 Lehudib's Crystal Spear  Conj/Erth      0%         10d2      100%        8


Dungeon Overview and Level Annotations

Branches:
Dungeon (9/15)             Temple (1/1) D:6            Lair (0/6) D:8
Ossuary (visited)
    Orc: D:9-12

Altars:
Ashenzari
Cheibriados
Elyvilon
Fedhas
Gozag
Hepliaklqana
Makhleb
Nemelex Xobeh
Qazlal
Ru
Sif Muna
Trog
Uskayaw
Vehumet
Wu Jian
Xom
Zin

Annotations:
D:9 2 runed translucent doors, Harold


Innate Abilities, Weirdness & Mutations

You are immune to sickness and miasma.
Your stone body is resilient. (AC +7)
You are immune to poison.
You resist negative energy. (rN+)
You are resistant to electric shocks. (rElec)
You are resistant to unholy torment.
You are immune to petrification.


Message History

Harold misses you.
Shoot: a) +2 hand crossbow (flame)
Press: ? - help, Q - select action, (/) - cycle Shift-Dir - straight line, f/p - Harold
Aim: Harold, wielding a +5 war axe of flaming, wearing a +0 scale mail and quivering 4 throwing nets (lightly wounded, 79% to hit)
You shoot a bolt. The bolt hits Harold.
The bolt burns Harold.
Harold is lightly wounded.
Harold misses you.
Shoot: a) +2 hand crossbow (flame)
Press: ? - help, Q - select action, (/) - cycle Shift-Dir - straight line, f/p - Harold
Aim: Harold, wielding a +5 war axe of flaming, wearing a +0 scale mail and quivering 4 throwing nets (lightly wounded, 79% to hit)
You shoot a bolt.
The bolt hits Harold but does no damage.
Harold is lightly wounded.
Harold misses you.
Harold hits you with a +5 war axe of flaming.
* * * LOW HITPOINT WARNING * * *
Harold burns you.
* * * LOW HITPOINT WARNING * * *
Shoot: a) +2 hand crossbow (flame)
Press: ? - help, Q - select action, (/) - cycle Shift-Dir - straight line, f/p - Harold
Aim: Harold, wielding a +5 war axe of flaming, wearing a +0 scale mail and quivering 4 throwing nets (lightly wounded, 79% to hit)
You shoot a bolt. The bolt hits Harold!
The bolt burns Harold.
Harold is heavily wounded.
Harold misses you.
Shoot: a) +2 hand crossbow (flame)
Press: ? - help, Q - select action, (/) - cycle Shift-Dir - straight line, f/p - Harold
Aim: Harold, wielding a +5 war axe of flaming, wearing a +0 scale mail and quivering 4 throwing nets (moderately wounded, 79% to hit)
You shoot a bolt. The bolt hits Harold.
The bolt burns Harold.
Harold is heavily wounded.
Harold hits you with a +5 war axe of flaming!
* * * LOW HITPOINT WARNING * * *
Harold burns you.
* * * LOW HITPOINT WARNING * * *
Shoot: a) +2 hand crossbow (flame)
Press: ? - help, Q - select action, (/) - cycle Shift-Dir - straight line, f/p - Harold
Aim: Harold, wielding a +5 war axe of flaming, wearing a +0 scale mail and quivering 4 throwing nets (heavily wounded, 79% to hit)
You shoot a bolt. The bolt hits Harold.
The bolt burns Harold.
Harold is heavily wounded.
Harold hits you with a +5 war axe of flaming!
You die...

#..................
..###.............#
..................#
...................
................>.
..................
#####..............
..######..................
§§.......@.............#..
§..§§§.@#####.#######....
§§§§§.## #########....
8§§§§## #.....#....
..§..§# ##......... ....§#
##...#.... ....# ##..#....
...# ##...... .## ##.<...


You could see Harold.

Vanquished Creatures
  2 trolls
  2 wraiths (D:9)
  A steam dragon (D:8)
  5 water moccasins
  2 ice beasts
  An ogre (D:5)
  2 black bears (D:7)
  5 centaurs
  A phantom (D:6)
  A kobold brigand (D:8)
  2 scorpions (D:4)
  2 bullfrogs
  A necrophage (D:5)
  13 wights
  6 killer bees (D:8)
  3 howler monkeys
  3 electric eels (D:7)
  2 centaur zombies (Ossuary)
  A hound (D:4)
  5 jellies
  2 quasits (D:5)
  An orc priest (D:7)
  2 orc wizards (D:7)
  2 hound zombies (Ossuary)
  3 mummies (Ossuary)
  8 adders
  12 gnolls
  4 shadow imps
  2 white imps (D:5)
  2 ufetubi (D:5)
  6 adder zombies (Ossuary)
  A worm (D:4)
  2 dart slugs (D:1)
  10 orcs
  2 endoplasms
  3 giant cockroaches
  5 goblins
  5 hobgoblins
  3 jackals (D:5)
  4 quokkas
  5 ball pythons
  6 bats
  A frilled lizard (D:3)
  2 goblin zombies (Ossuary)
  5 hobgoblin zombies (Ossuary)
  2 jackal zombies (Ossuary)
  12 kobolds
  4 kobold zombies (Ossuary)
  An orc zombie (Ossuary)
  5 quokka zombies (Ossuary)
  11 rats
  4 rat zombies (Ossuary)
197 creatures vanquished.

Vanquished Creatures (others)
  A minotaur (D:1)
  2 draconians (D:1)
  A gargoyle (D:1)
  A vine stalker (D:1)
  2 spriggans (D:1)
  A human (D:1)
  3 nagas (D:1)
  A dwarf (D:1)
  2 mummies (D:1)
  A kobold (D:1)
  2 demonic plants (D:5)
  5 plants (D:7)
  5 tentacles (D:1)
27 creatures vanquished.

Grand Total: 224 creatures vanquished

Notes
Turn   | Place    | Note
-------+----------+-------------------------------------------
     0 | D:1      | HoaS the Gargoyle Hunter began the quest for the Orb.
     0 | D:1      | Reached XP level 1. HP: 12/12 MP: 1/1
     2 | D:1      | Noticed a naga
     2 | D:1      | Noticed a dwarf
     2 | D:1      | Noticed a draconian
     2 | D:1      | Noticed a draconian
     2 | D:1      | Noticed a vine stalker
     2 | D:1      | Noticed a gargoyle
     2 | D:1      | Noticed a kraken
     2 | D:1      | Noticed a naga
     2 | D:1      | Noticed a spriggan
     2 | D:1      | Noticed a naga
     2 | D:1      | Noticed a spriggan
     2 | D:1      | Noticed a minotaur
     2 | D:1      | Noticed a human
     3 | D:1      | Killed a spriggan
     4 | D:1      | Killed a dwarf
     4 | D:1      | Killed a naga
     4 | D:1      | Killed a naga
     8 | D:1      | Killed a draconian
     9 | D:1      | Killed a gargoyle
    10 | D:1      | Killed a naga
    10 | D:1      | Killed a draconian
    12 | D:1      | Killed a spriggan
    14 | D:1      | Killed a vine stalker
    15 | D:1      | Killed a human
    16 | D:1      | Killed a minotaur
   346 | D:1      | Reached XP level 2. HP: 17/17 MP: 2/2
   820 | D:2      | Found a faded altar of an unknown god.
   862 | D:2      | Reached XP level 3. HP: 21/21 MP: 3/3
   950 | D:2      | Reached skill level 5 in Crossbows
  1283 | D:3      | Found a burning altar of Makhleb.
  1305 | D:3      | Reached XP level 4. HP: 21/26 MP: 4/4
  1559 | D:3      | Found a white marble altar of Elyvilon.
  1679 | D:3      | You fall into a shaft and drop 1 floor!
  1852 | D:3      | Reached skill level 6 in Crossbows
  1863 | D:3      | Reached XP level 5. HP: 30/30 MP: 5/5
  2326 | D:4      | Reached skill level 7 in Crossbows
  2331 | D:4      | Reached XP level 6. HP: 29/35 MP: 6/6
  2636 | D:5      | Entered Level 5 of the Dungeon
  2774 | D:5      | Reached skill level 8 in Crossbows
  2774 | D:5      | Reached XP level 7. HP: 40/40 MP: 7/7
  2796 | D:5      | Found a glowing silver altar of Zin.
  3110 | D:5      | Reached skill level 9 in Crossbows
  3266 | D:5      | Reached XP level 8. HP: 41/44 MP: 8/8
  3429 | D:5      | Reached skill level 10 in Crossbows
  3868 | D:5      | Reached skill level 1 in Armour
  4136 | D:6      | Found a shimmering blue altar of Sif Muna.
  4284 | D:6      | Found a staircase to the Ecumenical Temple.
  4295 | Temple   | Entered the Ecumenical Temple
  4373 | D:6      | Noticed a troll
  4397 | D:6      | Killed a troll
  4398 | D:6      | Reached skill level 5 in Fighting
  4398 | D:6      | Reached XP level 9. HP: 38/54 MP: 9/9
  4709 | D:6      | Found a bloodstained altar of Trog.
  4710 | D:6      | Found a snail-covered altar of Cheibriados.
  4752 | D:7      | Identified the +1 robe "Kuco" {Harm rC+}
  4768 | D:7      | Found a sand-covered staircase.
  4773 | Ossuary  | Entered an ossuary
  5337 | D:7      | Reached skill level 5 in Dodging
  5977 | D:8      | Found a staircase to the Lair.
  6089 | D:8      | Reached XP level 10. HP: 26/63 MP: 10/10
  6129 | D:8      | Reached skill level 5 in Armour
  6300 | D:8      | Found a blossoming altar of Fedhas.
  6700 | D:9      | Found a large runed translucent door.
  6701 | D:9      | Found a large runed translucent door.
  6830 | D:9      | Noticed Harold
  6847 | D:9      | HP: 2/65 [Harold/+5 war axe of flaming (3)]
  6848 | D:9      | Mangled by Harold

Illustrated notes

Levels and vault maps discovered:
D:1:      nicolae_arrival_kraken_aquarium_b, layout_basic,
          kennysheep_nondescript, serial_park_tiny_pond, minmay_fountain_box,
          minmay_rat_gold_closets
D:2:      layout_basic, ebering_ecumenical_altar_sacrificial,
          minmay_misc_feat_tiny, hangedman_abyss_or_decor_lesser_grid
D:3:      layout_loops_ring, amcnicky_altar_gilded, lemuel_crystal_altar
D:4:      layout_gridville, uniq_crazy_yiuf_cottage
D:5:      nicolae_cairo_tiling_very_big, layout_loops_ring,
          mainiacjoe_overflow_catwalk, serial_demonic, serial_demonic_e,
          serial_demonic_f, serial_demonic_b, serial_demonic_b,
          serial_demonic_b, serial_demonic_a, hangedman_abyss_or_decor_slice
D:6:      layout_cave_pools, mainiacjoe_overflow_surrounded_room,
          gammafunk_temple_overflow_pools, temple_fountains, minmay_crossroads
D:7:      layout_rooms, nicolae_ossuary_entry_false_entrances,
          serial_bayou_lake_a
D:8:      layout_basic, old_standard_altar, lair_entry_dummy,
          hangedman_glass_teeth
D:9:      layout_basic, jmf_multi_god_temple2, nicolae_overflow_crystal_walls,
          statue_in_the_mist_lemuel, kennysheep_diamond, uniq_harold
Temple:   eino_wide_crystal_templ

Skill      XL: |  1  2  3  4  5  6  7  8  9 10 |
---------------+-------------------------------+-----
Crossbows      | 5 6 7 8 9 10 | 10.0
Dodging        | 3 5 6 |  6.6
Armour         | 2 4 5 |  5.0
Fighting       | 5 7 8 |  8.8
Stealth        | |  1.1

Action                   |  1- 3 |  4- 6 |  7- 9 | 10-12 || total
-------------------------+-------+-------+-------+-------++-------
 Fire: Hand crossbow     |    88 |   136 |   417 |   144 ||   785
Throw: Throwing net      |       |       |       |     1 ||     1
  Use: Scroll            |       |    11 |     6 |     1 ||    18
       Potion            |       |       |     3 |     1 ||     4
Armor: Ring mail         |     8 |    15 |    96 |    55 ||   174
       Leather armour    |     1 |       |       |       ||     1
Dodge: Dodged            |    29 |    50 |   219 |   167 ||   465

Table legend: (Time is in decaauts)
 A = Elapsed time spent in this place.
 B = Non-inter-level travel time spent in this place.
 C = Inter-level travel time spent in this place.
 D = Time resting spent in this place.
 E = Time spent auto-exploring this place.
 F = Levels seen in this place.
 G = Mean time per level.
                   A        B        C        D        E       F      G
               +--------+--------+--------+--------+--------+-----+--------+
         Total |   7003 |   6731 |    272 |    961 |   4217 |  11 |  636.6 |
       Dungeon |   6681 |   6422 |    259 |    961 |   4071 |   9 |  742.3 |
        Temple |     54 |     41 |     13 |      0 |     34 |   1 |   54.0 |
       Ossuary |    266 |    266 |      0 |      0 |    112 |   1 |  266.0 |
               +--------+--------+--------+--------+--------+-----+--------+

Top non-repeatable levels by time:
     D:5: 1274 daAuts
     D:8: 949 daAuts
     D:3: 871 daAuts
     D:6: 803 daAuts
     D:1: 685 daAuts
     D:7: 644 daAuts
     D:2: 604 daAuts
     D:4: 539 daAuts
     D:9: 310 daAuts
 Ossuary: 266 daAuts
  Temple: 54 daAuts
